 Dungeon Crawl Stone Soup version 0.27.1-3-gb3d3a73c9e (webtiles) character file.

Game seed: 5133427961536091156

91 Elvor the Conjurer (level 4, -1/25 HPs)
             Began as a Deep Elf Conjurer on Oct 8, 2021.
             Slain by a goblin (3 damage)
             ... led by Robin
             ... on level 2 of the Dungeon.
             The game lasted 00:08:40 (904 turns).

Elvor the Conjurer (Deep Elf Conjurer)               Turns: 904, Time: 00:08:40

Health: -1/25      AC:  2    Str:  4    XL:     4   Next: 33%
Magic:  1/11       EV: 12    Int: 24    God:
Gold:   49         SH:  0    Dex: 13    Spells: 7/10 levels left

rFire    . . .     SeeInvis .   f - +3 dagger
rCold    . . .     Faith    .   (no shield)
rNeg     . . .     Spirit   .   a - +0 robe
rPois    .         Reflect  .   (no helmet)
rElec    .         Harm     .   (no cloak)
rCorr    .         Rampage  .   (no gloves)
Will     .....                  (no boots)
Stlth    ++........             (no amulet)
HPRegen  0.08/turn              (no ring)
MPRegen  0.12/turn              (no ring)

@: no status effects
A: no striking features
a: no special abilities


You were on level 2 of the Dungeon.
You visited 1 branch of the dungeon, and saw 2 of its levels.

You collected 49 gold pieces.

Inventory:

Hand Weapons
 f - a +3 dagger (weapon)
Missiles
 c - 25 stones
 d - 17 sling bullets
Armour
 a - a +0 robe (worn)
Scrolls
 e - a scroll of amnesia {unknown}
 g - a scroll of enchant weapon {unknown}


   Skills:
 * Level 1.3 Fighting
 + Level 2.8 Dodging
 + Level 2.7 Stealth
 + Level 3.6 Spellcasting
 + Level 5.4 Conjurations


You had 7 spell levels left.
You knew the following spells:

 Your Spells              Type           Power      Damage    Failure   Level
a - Magic Dart            Conj           100%       1d8       1%          1
b - Searing Ray           Conj           60%        3d5       1%          2

Your spell library contained the following spells:

 Spells                   Type           Power      Damage    Failure   Level
 Dazzling Flash           Conj/Hex       34%        N/A       10%         3
 Fulminant Prism          Conj/Hex       8%         3d7       32%         4
 Iskenderun's Mystic Bla  Conj/Tloc      17%        2d5       32%         4
 Summon Forest            Summ/Tloc      2%         N/A       96%         5
 Summon Mana Viper        Hex/Summ       4%         N/A       96%         5
 Shadow Creatures         Summ           N/A        N/A       100%        6


Dungeon Overview and Level Annotations

Branches:
Dungeon (2/15)

Altars:

Annotations:
D:2 Robin


Message History

You kill the goblin!
The searing ray hits the goblin!
You kill the goblin!
The searing ray misses the goblin. (Press . to maintain the ray.)
The goblin barely misses you. Robin throws the goblin at you!
The goblin closely misses you.
Restarting spell: Searing Ray (safe; 1% risk of failure)
Press: ? - help, Q - select action, (/) - cycle Shift-Dir - straight line, f - goblin
Aim: a goblin, wielding a +0 dagger (strong, 74% to hit)
The searing ray misses the goblin. (Press . to maintain the ray.)
The goblin hits you with a +0 club. x2
* * * LOW HITPOINT WARNING * * *
The goblin hits you with a +0 dagger.
* * * LOW HITPOINT WARNING * * *
It was a potion of curing.
You feel better. The goblin barely misses you.
The goblin completely misses you. The goblin hits you but does no damage.
You hit the goblin.
You kill the goblin!
The goblin hits you but does no damage.
You hit the goblin.
The goblin is heavily wounded.
The endoplasm jiggles.
The goblin closely misses you. The goblin hits you with a +0 club.
* * * LOW HITPOINT WARNING * * *
You closely miss the goblin.
The goblin is heavily wounded.
The goblin misses you. The goblin hits you with a +0 club.
* * * LOW HITPOINT WARNING * * *
The goblin barely misses you.
You hit the goblin.
You kill the goblin!
The goblin barely misses you. The goblin misses you.
The goblin hits you with a +0 dagger.
* * * LOW HITPOINT WARNING * * *
The goblin barely misses you.
Items here: ))) ? †.
The goblin hits you with a +0 dagger.
You die...

#......)####.######.##
##..###)#............#
#....###.####.#########
#.# .....# #.# #
#..####.# #.......#
#..###### . #..# ...
#.@# .....###g###
....)g)Jg..#
.....####### ..( .


You could see an endoplasm and 2 goblins.

Vanquished Creatures
  4 gnolls (D:2)
  2 ball pythons (D:1)
  2 giant cockroaches (D:1)
  15 goblins
  3 hobgoblins (D:1)
  3 jackals (D:1)
  9 kobolds
  4 bats (D:1)
  2 frilled lizards (D:1)
  3 rats (D:1)
47 creatures vanquished.

Notes
Turn   | Place    | Note
-------+----------+-------------------------------------------
     0 | D:1      | Elvor the Deep Elf Conjurer began the quest for the Orb.
     0 | D:1      | Reached XP level 1. HP: 10/10 MP: 6/6
   191 | D:1      | Reached XP level 2. HP: 6/16 MP: 1/8
   194 | D:1      | Learned a level 2 spell: Searing Ray
   358 | D:1      | Reached skill level 1 in Fighting
   400 | D:1      | Found a faded altar of an unknown god.
   489 | D:1      | Reached XP level 3. HP: 20/20 MP: 7/9
   733 | D:2      | Reached skill level 5 in Conjurations
   825 | D:2      | Reached XP level 4. HP: 25/25 MP: 3/11
   886 | D:2      | Noticed Robin
   897 | D:2      | HP: 1/25 [goblin[Robin] (5)]
   904 | D:2      | Slain by a goblin

Illustrated notes

Levels and vault maps discovered:
D:1:      heliophobic_arrival_dark_side_of_the_moon, layout_loops_ring,
          hellmonk_ecumenical_altar_crossroads, minmay_surrounded
D:2:      layout_basic, basic_altar, serial_shops, nicolae_lakefront_shop,
          uniq_robin

Skill      XL: |  1  2  3 |
---------------+----------+-----
Fighting       | 1 |  1.3
Conjurations   | 5 |  5.4
Dodging        | |  2.8
Stealth        | |  2.7
Spellcasting   | |  3.6

Action                   |  1- 3 |  4- 6 || total
-------------------------+-------+-------++-------
Melee: Unarmed           |     4 |       ||     4
       Dagger            |       |     6 ||     6
 Cast: Magic Dart        |    48 |       ||    48
       Searing Ray       |     3 |     5 ||     8
  Use: Potion            |       |     1 ||     1
Armor: Robe              |     2 |     3 ||     5
Dodge: Dodged            |     5 |    14 ||    19
